 Dungeon Crawl Stone Soup version 0.28.0-43-g3370ac3207 (webtiles) character file.

Game seed: 12441637624140942459

441 nickcage the Cudgeller (level 7, -2/41 HPs)
             Began as a Gargoyle Fighter on Mar 7, 2022.
             Slain by an ogre
             ... wielding a +0 giant club
              (6 damage)
             ... on level 4 of the Dungeon.
             The game lasted 00:09:41 (3721 turns).

nickcage the Cudgeller (Gargoyle Fighter)           Turns: 3721, Time: 00:09:41

Health: -2/41      AC: 19    Str: 21    XL:     7   Next: 2%
Magic:  7/7        EV:  9    Int:  9    God:
Gold:   188        SH:  9    Dex: 12    Spells: 6/6 levels left

rFire   . . .      SeeInvis .   s - +0 morningstar
rCold   . . .      Faith    .   c - +0 buckler
rNeg    + + .      Spirit   .   w - +0 pearl dragon scales
rPois   ∞          Reflect  +   n - +0 helmet
rElec   +          Harm     .   h - +0 cloak
rCorr   .          Rampage  .   (no gloves)
Will    .....                   r - +0 pair of boots
Stlth   ..........              g - amulet "Beofreb" {Reflect Dex+3 SH+5}
HPRegen 0.13/turn               (no ring)
MPRegen 0.10/turn               (no ring)

@: no status effects
A: sickness immunity, AC +4, negative energy resistance 1, electricity
resistance, torment resistance 1, petrification resistance
a: no special abilities


You were on level 4 of the Dungeon.
You visited 1 branch of the dungeon, and saw 5 of its levels.

You collected 188 gold pieces.

Inventory:

Hand Weapons
 s - a +0 morningstar (weapon)
Missiles
 a - 6 datura-tipped darts (quivered)
Armour
 c - a +0 buckler (worn)
 h - a +0 cloak (worn)
 j - an orb of light
 k - a +0 helmet
 n - a +0 helmet (worn)
 r - a +0 pair of boots (worn)
 w - +0 pearl dragon scales (worn)
Jewellery
 g - the amulet "Beofreb" (around neck) {Reflect Dex+3 SH+5}
   (You took it off a hobgoblin on level 2 of the Dungeon)

   [amulet of reflection]

   It reflects blocked missile attacks.
   Dex:       It affects your dexterity (+3).
   SH:        It affects your SH (+5).
 v - a ring of fire
Scrolls
 b - a scroll of torment {unknown}
 m - a scroll of magic mapping {unknown}
 o - a scroll of teleportation {unknown}
 t - a scroll of identify {unknown}
 u - 2 scrolls of blinking {unknown}
 x - a scroll of enchant weapon {unknown}
Potions
 d - 3 potions of might
 e - a potion of flight {unknown}
 f - a potion of degeneration {unknown}
 i - a potion of magic {unknown}
 l - 2 potions of curing {unknown}
 p - a potion of haste {unknown}
 q - a potion of invisibility {unknown}


   Skills:
 - Level 3.2 Fighting
 + Level 7.3 Maces & Flails
 - Level 3.2 Armour
 - Level 3.2 Shields


You had 6 spell levels left.
You didn't know any spells.
Your spell library contained the following spells:

 Spells                   Type           Power      Damage    Failure   Level
 Wereblood                Tmut           0%         N/A       95%         2
 Summon Hydra             Summ           0%         N/A       100%        7
 Sublimation of Blood     Necr           Unusable   N/A       N/A         2

Dungeon Overview and Level Annotations

Branches:
Dungeon (5/15)
 Temple: D:4-7

Altars:
Uskayaw

Shops:
D:2 =


Innate Abilities, Weirdness & Mutations

You are immune to sickness and miasma.
Your stone body is resilient. (AC +4)
You are immune to poison.
You resist negative energy. (rN+)
You are resistant to electric shocks. (rElec)
You are resistant to unholy torment.
You are immune to petrification.


Message History

The ogre is heavily wounded.
The ogre hits you with a +0 giant club!
You hit the ogre.
The ogre is severely wounded.
The ogre hits you but does no damage.
You hit the ogre but do no damage.
The ogre is severely wounded.
You block the ogre's attack.
You hit the ogre.
The ogre is almost dead.
The ogre hits you with a +0 giant club!!
Ouch! That really hurt!
* * * LOW HITPOINT WARNING * * *
You are too injured to fight recklessly!
You are too injured to fight recklessly!
You are too injured to fight recklessly!
You are too injured to fight recklessly!
You are too injured to fight recklessly!
You are too injured to fight recklessly!
You are too injured to fight recklessly!
You are too injured to fight recklessly!
You are too injured to fight recklessly!
You are too injured to fight recklessly!
You are too injured to fight recklessly!
You are too injured to fight recklessly!
You are too injured to fight recklessly!
You are too injured to fight recklessly!
You are too injured to fight recklessly!
You are too injured to fight recklessly!
You are too injured to fight recklessly!
You are too injured to fight recklessly!
You are too injured to fight recklessly!
You are too injured to fight recklessly!
You are too injured to fight recklessly!
You are too injured to fight recklessly!
You are too injured to fight recklessly!
You barely miss the ogre.
The ogre is almost dead.
The ogre hits you with a +0 giant club.
You die...

###.###### #........#
#.#.#....#####
#.#.#........#
#.#.########.# #
#.#.# #.# # #.#.# #.#
####.#.########.#####
.....#).........@Ooo#
######
###########o########
.... .........o......
≈≈≈≈≈
≈≈≈≈≈....≈≈≈≈≈≈≈
≈≈≈≈≈≈
≈≈≈≈≈o.o.≈≈≈≈≈≈≈
#####≈
≈≈≈≈≈..o.≈≈≈≈≈≈≈ #


gg# ......o.g....... # .# #####''o'####### # #....####### You could see an ogre
and 3 orcs.

Vanquished Creatures
  A centaur (D:5)
  A hound (D:5)
  A centaur skeleton (D:5)
  3 iguanas (D:4)
  An orc wizard (D:2)
  A hound zombie (D:5)
  6 adders
  5 gnolls (D:4)
  A worm (D:4)
  3 dart slugs
  12 orcs
  4 ball pythons
  3 endoplasms
  3 giant cockroaches
  5 goblins
  5 hobgoblins
  4 jackals (D:4)
  6 kobolds
  A quokka (D:3)
  4 bats
  2 frilled lizards
  4 rats (D:3)
76 creatures vanquished.

Vanquished Creatures (others)
  A bush (D:5)
1 creature vanquished.

Grand Total: 77 creatures vanquished

Notes
Turn   | Place    | Note
-------+----------+-------------------------------------------
     0 | D:1      | nickcage the Gargoyle Fighter began the quest for the Orb.
     0 | D:1      | Reached XP level 1. HP: 14/14 MP: 1/1
   409 | D:1      | Reached XP level 2. HP: 19/19 MP: 2/2
   458 | D:1      | Reached skill level 3 in Maces & Flails
  1053 | D:2      | Found a faded altar of an unknown god.
  1066 | D:2      | Found Sagashreomu's Jewellery Shop.
  1077 | D:2      | Identified the amulet "Beofreb" {Reflect Dex+3 SH+5}
  1099 | D:2      | Reached XP level 3. HP: 18/23 MP: 3/3
  1336 | D:2      | Reached skill level 4 in Maces & Flails
  1336 | D:2      | Reached XP level 4. HP: 5/28 MP: 4/4
  2312 | D:3      | Found a hide-covered altar of Uskayaw.
  2388 | D:3      | You fall into a shaft and drop 2 floors!
  2388 | D:5      | Entered Level 5 of the Dungeon
  2399 | D:5      | Reached skill level 5 in Maces & Flails
  2399 | D:5      | Reached XP level 5. HP: 32/32 MP: 5/5
  2421 | D:5      | Noticed a centaur
  2706 | D:5      | Killed a centaur
  2707 | D:5      | Reached skill level 6 in Maces & Flails
  2707 | D:5      | Reached XP level 6. HP: 34/37 MP: 6/6
  3220 | D:3      | Reached skill level 7 in Maces & Flails
  3700 | D:4      | Reached XP level 7. HP: 32/41 MP: 7/7
  3721 | D:4      | Slain by an ogre

Illustrated notes

Levels and vault maps discovered:
D:1:      lightli_arrival_quake, layout_loops_corners
D:2:      layout_basic, shapermc_ecumenical_altar_mp_highgroup, serial_shops,
          shop, hangedman_decor_push, amcnicky_mini_pool_small,
          grunt_decor_resistance
D:3:      layout_basic, mainiacjoe_overflow_brackets, st_stairs_2,
          kennysheep_generic_room_2
D:4:      lemuel_castle_with_subvaults [lemuel_castle_interior_original],
          layout_basic
D:5:      minmay_general_purpose_star, layout_loops_cross,
          minmay_temple_entry_nine_rooms, kb_lookout_dungeons_type

Skill      XL: |  1  2  3  4  5  6 |
---------------+-------------------+-----
Maces & Flails | 3 4 5 6 7 |  7.3
Fighting       | |  3.2
Armour         | |  3.2
Shields        | |  3.2

Action                   |  1- 3 |  4- 6 |  7- 9 || total
-------------------------+-------+-------+-------++-------
Melee: Flail             |   105 |    51 |       ||   156
       Morningstar       |       |   113 |    19 ||   132
Armor: Scale mail        |    64 |    26 |       ||    90
       Pearl dragon scal |       |    60 |     8 ||    68
Dodge: Dodged            |    43 |    67 |     4 ||   114
Block: Buckler           |    24 |    90 |     4 ||   118
       Reflection        |       |     7 |       ||     7
